 Dungeon Crawl Stone Soup version 0.31.0-11-ge490571c62 (webtiles) character file.

Game seed: 9752033988050254552

108 qw the Skirmisher (level 4, -2/25 HPs)
             Began as a Deep Elf Hunter on Feb 4, 2024.
             Slain by a gnoll
             ... wielding a +0 halberd
              (7 damage)
             ... on level 3 of the Dungeon.
             The game lasted 00:00:05 (1139 turns).

qw the Skirmisher (Deep Elf Hunter)                 Turns: 1139, Time: 00:00:05

Health: -2/25      AC:  6    Str: 10    XL:     4   Next: 58%
Magic:  6/6        EV: 12    Int: 14    God:
Gold:   92         SH:  0    Dex: 18    Spells: 3/3 levels left

rFire   . . .        a - +0 shortbow
rCold   . . .        (shield currently unavailable)
rNeg    . . .        c - +0 leather armour
rPois   .            (no helmet)
rElec   .            (no cloak)
rCorr   .            g - +2 pair of gloves
SInv    .            (no boots)
Will    .....        (no amulet)
Stlth   ++           (no ring)
HPRegen 0.24/turn    (no ring)
MPRegen 0.10/turn

%: no passive effects
@: no status effects
A: no striking features
a: no special abilities


You were on level 3 of the Dungeon.
You visited 1 branch of the dungeon, and saw 3 of its levels.

You collected 92 gold pieces.


   Skills:
 - Level 1.5 Fighting
 + Level 8.0 Ranged Weapons
 - Level 2.4 Dodging
 - Level 1.2 Stealth


You had 3 spell levels left.
You didn't know any spells.
Your spell library was empty.

Inventory:

Hand Weapons
 a - a +0 shortbow (weapon)
Armour
 c - a +0 leather armour (worn)
 g - a +2 pair of gloves (worn)
Scrolls
 b - a scroll of noise {unknown}
Potions
 d - a potion of ambrosia {unknown}

Dungeon Overview and Level Annotations

Branches:
Dungeon (2/15)

Altars:

Annotations:
D:3 Terence


Message History

Terence is moderately wounded.
Terence completely misses you.
You shoot an arrow. The arrow closely misses Terence.
The arrow hits the gnoll.
The gnoll is lightly wounded.
Terence closely misses you. The gnoll misses you.
You shoot an arrow. The arrow barely misses Terence.
The arrow completely misses the gnoll.
Terence closely misses you. The gnoll closely misses you.
You shoot an arrow.
The arrow hits Terence but does no damage.
Terence is moderately wounded.
Terence hits you but does no damage.
The gnoll hits you from afar with a +0 halberd!
You shoot an arrow. The arrow hits Terence.
Terence is moderately wounded.
The gnoll closely misses you. Terence misses you.
You shoot an arrow. The arrow barely misses Terence.
The arrow closely misses the gnoll.
Terence hits you with a +0 hand axe. The gnoll barely misses you.
You shoot an arrow. The arrow barely misses Terence.
The arrow hits the gnoll but does no damage.
The gnoll is lightly wounded.
The gnoll hits you from afar with a +0 halberd.
Terence hits you with a +0 hand axe.
You shoot an arrow.
The arrow hits Terence but does no damage.
Terence is moderately wounded.
The gnoll barely misses you. Terence looks scornfully at you.
Terence hits you with a +0 hand axe!
You shoot an arrow.
The arrow hits Terence but does no damage.
Terence is moderately wounded.
The gnoll barely misses you. Terence hits you but does no damage.
The gnoll closely misses you. Terence barely misses you.
You shoot an arrow. The arrow hits Terence.
Terence is severely wounded.
Terence hits you but does no damage.
The gnoll hits you from afar with a +0 halberd!
You die...

#...........#
#.#########.#
#.#########.#
...........>#
##.#########.#
#.. #.# ...
#.# ...
##)#######
#@)......#
#@######.# #g#
..# #..# ....
##..# ...#


You could see Terence and a gnoll.

Vanquished Creatures
  Jessica (D:2)
  2 adders (D:2)
  3 gnolls (D:3)
  3 dart slugs
  4 endoplasms (D:1)
  A giant cockroach (D:1)
  3 goblins
  4 hobgoblins
  A quokka (D:1)
  2 ball pythons (D:1)
  3 kobolds
  6 rats
33 creatures vanquished.

Notes
Turn   | Place    | Note
-------+----------+-------------------------------------------
     0 | D:1      | qw the Deep Elf Hunter began the quest for the Orb.
     0 | D:1      | Reached XP level 1. HP: 12/12 MP: 3/3
     0 | D:1      | 0 ||| qw: Version: 0.3-a-160-g5e54788
     0 | D:1      | 0 ||| qw: Game counter: 4317
     0 | D:1      | 0 ||| qw: Melee chars always use a shield: true
     0 | D:1      | 0 ||| qw: God list: Okawaru
     0 | D:1      | 0 ||| qw: Allow faded altars: false
     0 | D:1      | 0 ||| qw: Do Orc after clearing Dungeon:15 true
     0 | D:1      | 0 ||| qw: Do second Lair branch before Depths: true
     0 | D:1      | 0 ||| qw: Lair rune preference: random
     0 | D:1      | 0 ||| qw: Goals: Normal
     0 | D:1      | 0 ||| PLANNING D:1-11
   137 | D:1      | Reached XP level 2. HP: 16/16 MP: 4/4
   139 | D:1      | Reached skill level 6 in Ranged Weapons
   833 | D:1      | 833 ||| UPGRADING to +2 pair of gloves.
   838 | D:1      | 838 ||| READING scroll labelled HEHIVOTTEP.
   839 | D:1      | 839 ||| READING scroll labelled OQITWO GETHRESS.
   839 | D:1      | 839 ||| ENCHANTING +0 shortbow.
   840 | D:1      | 840 ||| DROPPING scroll of butterflies.
   864 | D:2      | Noticed Jessica
   867 | D:2      | Killed Jessica
   868 | D:2      | Reached skill level 7 in Ranged Weapons
   868 | D:2      | Reached XP level 3. HP: 20/20 MP: 5/5
   974 | D:2      | Reached XP level 4. HP: 8/25 MP: 6/6
   975 | D:2      | HP: 6/25 [poisoned by an adder]
  1054 | D:2      | 1054 ||| FLEEEEING.
  1080 | D:2      | You fall into a shaft and drop 1 floor!
  1113 | D:3      | Reached skill level 8 in Ranged Weapons
  1126 | D:3      | Noticed Terence
  1137 | D:3      | HP: 4/25 [Terence/+0 hand axe (8)]
  1139 | D:3      | Slain by a gnoll

Levels and vault maps discovered:
D:1:      lightli_arrival_maybe_door_vault, layout_basic
D:2:      layout_rooms, minmay_hexomino_r4, uniq_jessica, uniq_robin
D:3:      layout_basic, uniq_terence, uniq_sigmund, uniq_natasha

Skill      XL: |  1  2  3  4 |
---------------+-------------+-----
Ranged Weapons | 7 8 |  8.0
Fighting       | |  1.5
Dodging        | |  2.4
Stealth        | |  1.2

Action                     |  1- 3 |  4- 6 || total
---------------------------+-------+-------++-------
   Fire: Shortbow          |    96 |    31 ||   127
    Use: Scroll            |     2 |       ||     2
 Armour: Leather armour    |    26 |    10 ||    36
  Dodge: Dodged            |    21 |    18 ||    39

Table legend:
 A = Non-vault XP
 B = Vault XP
 C = Vault XP percentage of total XP
 D = Non-vault monster count
 E = Vault monster count
 F = Vault count percentage of total count
                 A         B        C        D         E       F
            +---------+---------+-------+---------+---------+-------
      Total |     118 |      37 |  23.9 |      32 |       1 |   3.0
            +---------+---------+-------+---------+---------+-------
        D:1 |      38 |       0 |   0.0 |      21 |       0 |   0.0
        D:2 |      39 |      37 |  48.7 |       8 |       1 |  11.1
        D:3 |      41 |       0 |   0.0 |       3 |       0 |   0.0
            +---------+---------+-------+---------+---------+-------
